 Dungeon Crawl Stone Soup version 0.24-a0-434-gd57e52fea8 (webtiles) character file.

Game seed: 859475361861093475

616 ivs the Thaumaturge (level 7, -4/37 HPs)
             Began as a Deep Elf Wizard on June 15, 2019.
             Killed from afar by an orc wizard (9 damage)
             ... with a magic dart
             ... on level 6 of the Dungeon.
             The game lasted 00:31:38 (2614 turns).

ivs the Thaumaturge (Deep Elf Wizard)               Turns: 2614, Time: 00:31:49

Health: -4/37      AC:  3    Str:  4    XL:     7   Next: 21%
Magic:  21/23      EV: 13    Int: 25    God:
Gold:   70         SH:  0    Dex: 13    Spells: 16/27 levels left

rFire    . . .     SeeInvis .   (no weapon)
rCold    . . .     Gourm    .   (no shield)
rNeg     . . .     Faith    .   a - +0 robe
rPois    .         Spirit   .   b - +0 hat
rElec    .         Reflect  .   (no cloak)
rCorr    .         Harm     .   (no gloves)
MR       .....                  q - +0 pair of boots
Stlth    +++.......             (no amulet)
HPRegen  0.12/turn              (no ring)
MPRegen  0.18/turn              (no ring)

@: no status effects
A: no striking features
a: no special abilities


You were on level 6 of the Dungeon.
You were not hungry.

You visited 1 branch of the dungeon, and saw 6 of its levels.

You collected 172 gold pieces.
You spent 102 gold pieces at shops.

Inventory:

Missiles
 m - 8 boomerangs
 v - 11 poisoned darts (quivered)
Armour
 a - a +0 robe (worn)
 b - a +0 hat (worn)
 q - a +0 pair of boots (worn)
Jewellery
 g - an uncursed ring of protection from magic {unknown}
 r - a cursed amulet of inaccuracy {unknown}
 z - an uncursed ring of ice {unknown}
Wands
 w - a wand of flame (15)
Scrolls
 l - a scroll of enchant weapon
 y - a scroll of random uselessness
Potions
 c - a potion of magic
 f - 2 potions of brilliance
 o - 3 potions of agility
 p - 2 potions of mutation {unknown}
 t - 2 potions of curing {unknown}
 u - a potion of cancellation {unknown}
Comestibles
 d - 8 rations
 h - a chunk of flesh


   Skills:
 + Level 0.6 Fighting
 - Level 1.1 Throwing
 - Level 2.4 Dodging
 - Level 5.6 Stealth
 + Level 10.6 Spellcasting
 - Level 7.9 Conjurations
 - Level 7.3 Summonings
 + Level 1.5 Translocations
 - Level 3.9 Fire Magic
   Level 3.4 Ice Magic
 - Level 3.1 Air Magic
   Level 3.5 Earth Magic
 - Level 3.4 Poison Magic


You had 16 spell levels left.
You knew the following spells:

 Your Spells              Type           Power        Failure   Level  Hunger
a - Magic Dart            Conj           ####         1%          1    None
b - Blink                 Tloc           N/A          3%          2    None
c - Conjure Flame         Conj/Fire      #####...     1%          3    None
i - Call Imp              Summ           ######..     1%          2    None
m - Mephitic Cloud        Conj/Pois/Air  #####...     1%          3    None

Your spell library contained the following spells:

 Spells                   Type           Power        Failure   Level  Hunger
 Slow                     Hex            ##......     7%          2    None


Dungeon Overview and Level Annotations

Branches:
Dungeon (6/15)
 Temple: D:4-7

Altars:

Shops:
D:5 *(

Annotations:
D:4 Grinder
D:6 Dowan, Duvessa


Message History

The ball explodes into a vile cloud!
The stinking cloud engulfs the killer bee but does no damage.
The stinking cloud engulfs Dowan but does no damage.
Dowan is lightly wounded.
The killer bee buzzes angrily.
You hear an angry buzzing noise.
You hear a shout!
The killer bee is engulfed in noxious fumes.
The killer bee appears confused.
The killer bee is engulfed in noxious fumes.
The killer bee appears confused.
The killer bee is engulfed in noxious fumes.
The killer bee appears confused.
Dowan is engulfed in noxious fumes.
Dowan appears confused.
Dowan closely misses the killer bee.
Dowan hits himself with a +2 dagger of venom.
The killer bee barely misses Dowan.
The killer bee closely misses itself.
The killer bee stings the killer bee.
The orc wizard is engulfed in noxious fumes.
The orc wizard casts a spell at you. The magic dart hits you!
You die...

##. ...##. ...... ......
# .## #..#### .....#
#.....### ####....<#
#.#..@y.# .....
#..###.#...e☼### ####
#..##..#°☼§§§○.#
...####...#o.eo§§y##yy..
##..((#...lo##....# ..y
#####.....oo##....# ..
.............#.#..... .
#####..<.........####
#..§#.........##


You could see Duvessa (confused), Dowan (confused), 5 killer bees, an orc wizard
and 2 orcs.

Vanquished Creatures
  A centaur (D:5)
  An ogre (D:4)
  An orc priest (D:4)
  A jelly (D:5)
  A worker ant (D:4)
  3 adders
  A river rat (D:4)
  An ooze (D:1)
  7 worms
  A dart slug (D:3)
  4 leopard geckos
  5 orcs (D:4)
  2 ball pythons
  4 bats
  3 giant cockroaches
  5 goblins
  2 hobgoblins (D:1)
  A quokka (D:5)
  A giant cockroach zombie (D:5)
  A jackal skeleton (D:4)
  4 kobolds
  A quokka skeleton (D:5)
  5 rats
56 creatures vanquished.

Vanquished Creatures (collateral kills)
  2 river rats (D:4)
  2 orcs (D:6)
4 creatures vanquished.

Grand Total: 60 creatures vanquished

Notes
Turn   | Place    | Note
-------+----------+-------------------------------------------
     0 | D:1      | ivs the Deep Elf Wizard began the quest for the Orb.
     0 | D:1      | Reached XP level 1. HP: 10/10 MP: 7/7
   223 | D:1      | Reached XP level 2. HP: 15/15 MP: 2/9
   286 | D:1      | Learned a level 2 spell: Call Imp
   546 | D:2      | Reached XP level 3. HP: 19/19 MP: 2/10
   551 | D:2      | Learned a level 3 spell: Conjure Flame
  1102 | D:4      | Learned a level 2 spell: Blink
  1146 | D:4      | Noticed an ogre
  1219 | D:3      | Reached skill level 1 in Fire Magic
  1282 | D:4      | Noticed an ogre
  1319 | D:5      | Entered Level 5 of the Dungeon
  1374 | D:5      | Found Akanim's Assorted Antiques.
  1384 | D:5      | Bought a scroll labeled JEIFUI ENAE for 27 gold pieces
  1384 | D:5      | Bought a scroll labeled VOUGGEENUY for 27 gold pieces
  1384 | D:5      | Bought a murky cyan potion for 24 gold pieces
  1430 | D:5      | Bought a fuming grey potion for 24 gold pieces
  1483 | D:5      | Reached XP level 4. HP: 24/24 MP: 7/12
  1488 | D:5      | Learned a level 3 spell: Mephitic Cloud
  1539 | D:5      | Found Unuma's Antique Weapon Emporium.
  1575 | D:5      | Noticed a centaur
  1598 | D:5      | Found Deudwoi's Book Emporium.
  1748 | D:5      | Reached skill level 9 in Spellcasting
  1748 | D:5      | Reached XP level 5. HP: 28/28 MP: 10/19
  1749 | D:5      | Reached skill level 5 in Stealth
  1749 | D:5      | Reached skill level 10 in Spellcasting
  1749 | D:5      | Reached XP level 6. HP: 32/32 MP: 11/21
  1809 | D:4      | Reached skill level 1 in Throwing
  1883 | D:4      | Reached XP level 7. HP: 34/36 MP: 2/23
  1917 | D:4      | Noticed Grinder
  2598 | D:6      | Noticed Dowan
  2598 | D:6      | Noticed Duvessa
  2614 | D:6      | Killed from afar by an orc wizard

Levels and vault maps discovered:
D:1:      psy_arrival_fountain, layout_loops_ring, eino_curves_03
D:2:      lemuel_upstairs_altar, layout_rooms, grunt_temple_overflow_open,
          serial_curves, eino_curves_03, eino_curves_01
D:3:      layout_basic
D:4:      layout_basic, gup_sewer_entry_bubbles, first_ration, uniq_grinder
D:5:      layout_basic, fedhas_bush_and_centaur_altar, serial_shops,
          nicolae_shop_behind_doors, nicolae_shop_window_shopping, shop,
          uniq_edmund
D:6:      layout_rooms, uniq_duvessa, uniq_menkaure

Skill      XL: |  1  2  3  4  5  6 |
---------------+-------------------+-----
Conjurations   | 2 3 7 |  7.9
Summonings     | 2 7 |  7.3
Fire Magic     | 1 3 |  3.9
Stealth        | 3 5 |  5.6
Spellcasting   | 9 10 | 10.6
Ice Magic      | 3 |  3.4
Air Magic      | 3 |  3.1
Earth Magic    | 3 |  3.5
Poison Magic   | 3 |  3.4
Throwing       | 1 |  1.1
Fighting       | |  0.6
Dodging        | |  2.4
Translocations | |  1.5

Action                   |  1- 3 |  4- 6 |  7- 9 || total
-------------------------+-------+-------+-------++-------
Throw: Boomerang         |     6 |       |       ||     6
       Dart              |       |     6 |     3 ||     9
 Cast: Magic Dart        |   110 |    31 |    44 ||   185
       Call Imp          |     1 |     4 |     9 ||    14
       Conjure Flame     |     1 |     1 |     1 ||     3
       Blink             |       |     1 |     8 ||     9
       Mephitic Cloud    |       |     1 |     3 ||     4
  Use: Scroll            |       |     5 |     8 ||    13
       Potion            |       |     2 |     1 ||     3
  Eat: Ration            |     1 |       |       ||     1
       Chunk             |       |       |     2 ||     2
Armor: Robe              |     2 |       |     3 ||     5
Dodge: Dodged            |     8 |       |     4 ||    12

Table legend:
 A = Non-vault XP
 B = Vault XP
 C = Vault XP percentage of total XP
 D = Non-vault monster count
 E = Vault monster count
 F = Vault count percentage of total count
                 A         B        C        D         E       F
            +---------+---------+-------+---------+---------+-------
      Total |     436 |      47 |   9.7 |      53 |       7 |  11.7
            +---------+---------+-------+---------+---------+-------
        D:1 |      23 |       0 |   0.0 |      11 |       0 |   0.0
        D:2 |      50 |       0 |   0.0 |      14 |       0 |   0.0
        D:3 |      18 |       0 |   0.0 |       9 |       0 |   0.0
        D:4 |     213 |      47 |  18.1 |      11 |       7 |  38.9
        D:5 |     128 |       0 |   0.0 |       6 |       0 |   0.0
        D:6 |       4 |       0 |   0.0 |       2 |       0 |   0.0
            +---------+---------+-------+---------+---------+-------
